 Dungeon Crawl Stone Soup version 0.20-a0-32-gb8e7c72 (webtiles) character file.

30291 KristoblXynda the Unseen (level 13, 0/60 HPs)
             Began as a Spriggan Wanderer on Nov 9, 2016.
             Was a High Priest of Nemelex Xobeh.
             Killed from afar by a deep elf knight (19 damage)
             ... with a stone arrow
             ... on level 15 of the Dungeon.
             The game lasted 00:53:22 (19932 turns).

KristoblXynda the Unseen (Spriggan Wanderer)       Turns: 19932, Time: 00:53:24

Health: 0/60       AC:  6    Str:  6    XL:     13   Next: 19%
Magic:  0/24       EV: 22    Int: 23    God:    Nemelex Xobeh [*****.]
Gold:   1582       SH:  9    Dex: 16    Spells: 2 memorised, 14 levels left

rFire  + . .     SeeInvis +     k - +6 quick blade
rCold  + + +     Gourm    .     O - +1 robe of the Hidden Beds {rElec rC+++ MR+ Str-3}
rNeg   . . .     Faith    .     t - +2 buckler
rPois  .         Spirit   +     (helmet restricted)
rElec  +         Reflect  .     F - +2 cloak
rCorr  .         Harm     .     (gloves unavailable)
MR     +++..                    (boots unavailable)
Stlth  ++++++....               Y - amulet of guardian spirit
                                G - ring of protection from fire
                                Z - +6 ring of intelligence

@: about to teleport, very quick
A: unfitting armour, see invisible, herbivore 3, speed 3, slow metabolism 2
a: Triple Draw, Deal Four, Stack Five, Renounce Religion


You were on level 15 of the Dungeon.
You worshipped Nemelex Xobeh.
Nemelex Xobeh was extremely pleased with you.
You were not hungry.

You visited 2 branches of the dungeon, and saw 16 of its levels.
You also visited: Labyrinth and Sewer.

You collected 1582 gold pieces.

Inventory:

Hand Weapons
 k - a +6 quick blade (weapon)
Armour
 t - a +2 buckler (worn)
 F - a +2 cloak (worn)
 O - the +1 robe of the Hidden Beds (worn) {rElec rC+++ MR+ Str-3}
   (You found it on level 10 of the Dungeon)

   It affects your strength (-3).
   It renders you almost immune to cold.
   It insulates you from electricity.
   It affects your resistance to hostile enchantments.
Rods
 x - a +7 rod of ignition (9/9)
   (You took it off an orc warrior on level 14 of the Dungeon)
Jewellery
 s - an uncursed amulet of regeneration
 B - an uncursed ring of protection from magic
 C - a cursed -2 ring of protection {unknown}
 G - a ring of protection from fire (right hand)
 J - a +2 ring of dexterity {unknown}
 M - a +3 ring of evasion {unknown}
 Y - an amulet of guardian spirit (around neck)
 Z - a +6 ring of intelligence (left hand)
Wands
 q - a wand of teleportation (3/9)
 E - a wand of paralysis (8/24)
 Q - a wand of heal wounds (7/9)
Scrolls
 e - 3 scrolls of teleportation
 l - 5 scrolls of fog
 n - 6 scrolls of magic mapping
 u - 2 scrolls of amnesia
 v - 2 scrolls of fear
 A - 3 scrolls of blinking
 L - 10 scrolls of remove curse
 R - a scroll of identify
Potions
 g - a potion of ambrosia
 h - 2 potions of flight
 i - a potion of mutation {unknown}
 j - a potion of magic
 m - 4 potions of cancellation
 o - 2 potions of might
 p - 2 potions of lignification
 r - 4 potions of brilliance
 w - a potion of heal wounds
 z - 5 potions of agility
 D - a potion of cure mutation
 N - 4 potions of curing
Books
 b - Yretin's Almanac of the Traveller

   Spells                             Type                      Level
   a - Apportation                    Translocation                1
   b - Lesser Beckoning               Translocation                3
 H - a book of Transfigurations

   Spells                             Type                      Level
   a - Irradiate                      Conjuration/Transmutation    5
   b - Statue Form                    Transmutation/Earth          6
   c - Hydra Form                     Transmutation                6
   d - Dragon Form                    Transmutation                7
 T - a book of Dreams

   Spells                             Type                      Level
   a - Ensorcelled Hibernation        Hexes/Ice                    2
   b - Silence                        Hexes/Air                    5
   c - Darkness                       Hexes                        6
   d - Shadow Creatures               Summoning                    6
Miscellaneous
 a - an ornate deck of summoning
 c - a phial of floods
 y - a plain deck of summoning {drawn: 2}
 P - an ornate deck of escape {drawn: 4}
 S - a plain deck of escape
 V - a fan of gales
Comestibles
 d - a slice of pizza
 f - 5 bread rations
 I - 11 royal jellies
 K - 9 fruits


   Skills:
 - Level 3.2 Fighting
 + Level 9.8 Short Blades
 - Level 1.0 Throwing
 - Level 7.0 Dodging
 - Level 15.1 Stealth
 + Level 5.0 Shields
 - Level 3.2 Spellcasting
 - Level 4.5 Translocations
 + Level 11.3 Invocations
 + Level 13.9 Evocations


You had 14 spell levels left.
You knew the following spells:

 Your Spells              Type           Power        Failure   Level  Hunger
a - Apportation           Tloc           ###.......   1%          1    None
b - Lesser Beckoning      Tloc           ###.......   10%         3    ###....


Dungeon Overview and Level Annotations

Branches:
Dungeon (15/15)            Temple (1/1) D:6            Lair (0/6) D:10
    Orc (0/2) D:9          Vaults (0/5) D:14
 Depths: D:15

Altars:
Ashenzari
Cheibriados
Dithmenos
Elyvilon
Fedhas
Gozag
Hepliaklqana
Kikubaaqudgha
Makhleb
Nemelex Xobeh
Okawaru
Qazlal
Ru
Sif Muna
Trog
Uskayaw
Vehumet
Xom
Yredelemnul
Zin
The Shining One

Shops:
D:7 *   D:8 *   D:10 [   D:14 *


Innate Abilities, Weirdness & Mutations

You are very small and have problems with some larger weapons.
You are too small for most types of armour.
You have supernaturally acute eyesight. (SInv)
You are a herbivore.
You cover ground extremely quickly.
You need consume almost no food.


Message History

The cyan ugly thing trunk-slaps you! The cyan ugly thing shocks you.
You resist.
* * * LOW HITPOINT WARNING * * *
You see here a tengu corpse.
The cyan ugly thing basks in the mutagenic energy from its kin and changes!
Found 23 gold pieces.
Evoke which item? (* to show all) (? for menu, Esc to quit)
You draw a card...
It is the Shaft.
Nothing appears to happen.
Evoke which item? (* to show all) (? for menu, Esc to quit)
You draw a card...
It is the Shaft.
Nothing appears to happen.
Found a chain mail.
Evoke which item? (* to show all) (? for menu, Esc to quit)
You draw a card...
It is the Shaft.
Nothing appears to happen.
You block the tengu warrior's attack.
As you read the scroll of teleportation, it crumbles to dust.
You feel strangely unstable.
The deep elf knight casts a spell at you.
The stone arrow hits you!
You die...
Your body glows with a rainbow of weird colours and disappears.

##### #[..### #.....#
#.....# # #.....# ..# .
#..$..# ..###
...####.....#######.....
.........u.u...........#
.......@...Q......(....#
..........."...........#
.......................#
.............#.........#
......e#####.#.....<...#
....... ..#....†....#
....... #.#.#.#.†.....
....... ...#..........
.... ....#..........


You could see 2 ugly things, a tengu warrior and a deep elf knight.

Vanquished Creatures
  Frances (D:14)
  A minotaur (Lab)
  A great orb of eyes (D:14)
  A hydra (D:14)
  A vault guard (D:14)
  An alligator (D:14)
  A flayed ghost (D:14)
  An unseen horror (D:14)
  A harpy (shapeshifter) (D:15)
  Pikel (D:9)
  2 hill giants
  A phantasmal warrior (D:13)
  A wolf spider (D:14)
  6 ugly things
  A deep elf mage (D:15)
  3 cyclopes
  2 centaur zombies
  Joseph (D:9)
  A gargoyle (D:13)
  A kobold demonologist (D:14)
  A freezing wraith (D:13)
  A tengu conjurer (D:15)
  A meliai (shapeshifter) (D:14)
  2 trolls
  A hornet (D:8)
  2 two-headed ogres (D:14)
  2 hippogriffs
  A meliai zombie (D:12)
  A shadow (D:14)
  3 vampires
  2 water elementals (D:12)
  2 wyverns
  7 yaks
  3 vampire mosquitoes (D:13)
  2 hungry ghosts (D:14)
  A soldier ant (D:8)
  2 water moccasins
  3 orc warriors
  A black bear (D:12)
  A sky beast (D:7)
  A swamp drake (D:2)
  A slave (D:9)
  2 ice beasts
  6 ogres
  2 phantoms (D:7)
  6 centaurs
  2 wyvern zombies
  A gnoll sergeant (D:12)
  8 bullfrogs
  3 scorpions
  A jelly (D:13)
  12 killer bees
  6 wights
  5 electric eels (D:12)
  7 crimson imps
  6 hounds
  4 centaur skeletons
  4 orc priests
  4 orc wizards
  5 bullfrog skeletons
  3 iguanas
  11 worker ants
  2 hound zombies
  15 gnolls
  A howler monkey zombie (D:6)
  A worker ant zombie (D:10)
  A river rat (Sewer)
  16 adders
  3 shadow imps
  A white imp (D:12)
  3 oozes
  2 adder skeletons
  A worm (D:8)
  3 dart slugs (D:1)
  3 leopard geckos
  18 orcs
  4 bats
  7 giant cockroaches
  3 goblins
  2 hobgoblins
  9 jackals
  5 kobolds
  A quokka (D:7)
  15 ball pythons
  8 frilled lizards
  32 rats
324 creatures vanquished.

Vanquished Creatures (collateral kills)
  A vault guard (D:14)
  Erolcha (D:9)
  A death knight (D:13)
  The ghost of mrath the Cleaver, a novice HOFi of Okawaru (D:7)
  3 hill giants
  4 ugly things
  A centaur zombie (D:14)
  A gargoyle (D:14)
  A freezing wraith (D:13)
  A troll (D:14)
  2 two-headed ogres (D:14)
  A wraith (D:14)
  3 yaks (D:12)
  A basilisk (D:14)
  A vampire mosquito (D:13)
  A mottled dragon (D:14)
  A sky beast (D:14)
  2 orc warriors
  An eye of draining (D:14)
  A bullfrog (D:14)
  3 killer bees
  2 wights (D:9)
  2 electric eels (D:12)
  2 iguanas
  An orc (D:14)
  A giant cockroach (D:7)
  A kobold (D:12)
41 creatures vanquished.

Vanquished Creatures (others)
  A vault guard (D:14)
  A bullfrog zombie (D:9)
2 creatures vanquished.

Grand Total: 367 creatures vanquished

Notes
Turn   | Place    | Note
-------+----------+-------------------------------------------
     0 | D:1      | KristoblXynda the Spriggan Wanderer began the quest for the Orb.
     0 | D:1      | KristoblXynda set off with: a +2 spear, Yretin's Almanac of the Traveller, a wand of random effects (15/48), a +0 robe, a bread ration
     0 | D:1      | Reached XP level 1. HP: 12/12 MP: 5/5
     0 | D:1      | Identified Yretin's Almanac of the Traveller
     6 | D:1      | Noticed a hound
     6 | D:1      | Noticed a polar bear
     6 | D:1      | Noticed an anaconda
     6 | D:1      | Noticed a redback
    54 | D:1      | Reached skill level 2 in Stealth
   302 | D:1      | Reached XP level 2. HP: 10/16 MP: 6/6
   461 | D:1      | Reached skill level 1 in Dodging
  1095 | D:1      | Found a shattered altar of Ashenzari.
  1123 | D:1      | Learned a level 1 spell: Apportation
  1188 | D:1      | Reached XP level 3. HP: 12/20 MP: 8/8
  1849 | D:2      | Reached skill level 1 in Short Blades
  1849 | D:2      | Reached skill level 3 in Stealth
  2092 | D:2      | Noticed Sigmund
  2092 | D:2      | Reached XP level 4. HP: 19/24 MP: 9/9
  2095 | D:2      | Noticed Sigmund
  2095 | D:2      | Sigmund changed into Sigmund the swamp drake
  2121 | D:2      | Killed Sigmund the swamp drake
  2121 | D:2      | Reached skill level 4 in Stealth
  2121 | D:2      | Reached XP level 5. HP: 28/28 MP: 10/10
  2781 | D:3      | Found a faded altar of an unknown god.
  3174 | D:3      | Found a shadowy altar of Dithmenos.
  3331 | D:3      | Found a sacrificial altar of Ru.
  3485 | D:4      | Found a glowing drain.
  3519 | D:4      | Noticed an ogre
  3524 | D:4      | HP: 1/28 [poisoned by an adder]
  3531 | D:4      | HP: 1/28 [poisoned by an adder]
  3541 | Sewer    | Entered a sewer
  4224 | Sewer    | Reached XP level 6. HP: 27/32 MP: 11/11
  4265 | Sewer    | Reached skill level 5 in Stealth
  4551 | Sewer    | HP: 1/32 [bullfrog (5)]
  4557 | Sewer    | Reached skill level 5 in Dodging
  4679 | D:4      | Reached skill level 6 in Stealth
  4686 | D:4      | Reached XP level 7. HP: 18/36 MP: 12/12
  5217 | D:4      | Reached skill level 7 in Stealth
  5961 | D:5      | Entered Level 5 of the Dungeon
  6172 | D:5      | Found a radiant altar of Vehumet.
  6812 | D:5      | Found a sparkling altar of Nemelex Xobeh.
  6813 | D:5      | Found a glowing silver altar of Zin.
  6815 | D:5      | Found a glowing golden altar of the Shining One.
  6817 | D:5      | Became a worshipper of Nemelex Xobeh the Trickster
  6846 | D:5      | Received a gift from Nemelex Xobeh
  7311 | D:6      | Received a gift from Nemelex Xobeh
  7463 | D:6      | Found a staircase to the Ecumenical Temple.
  7470 | Temple   | Entered the Ecumenical Temple
  7640 | D:6      | Reached * piety under Nemelex Xobeh
  7710 | D:6      | Received a gift from Nemelex Xobeh
  7718 | D:6      | Reached XP level 8. HP: 40/40 MP: 13/13
  7812 | D:6      | Reached skill level 5 in Short Blades
  7812 | D:6      | Reached skill level 8 in Stealth
  7889 | D:6      | Reached skill level 1 in Invocations
  8582 | D:7      | Reached skill level 9 in Stealth
  8662 | D:7      | Learned a level 3 spell: Lesser Beckoning
  8691 | D:7      | Noticed mrath's ghost (novice HOFi)
  8727 | D:7      | Killed mrath's ghost
  8816 | D:7      | Reached skill level 10 in Stealth
  8970 | D:7      | Reached XP level 9. HP: 23/44 MP: 14/14
  9109 | D:7      | Identified a scroll of acquirement
  9121 | D:7      | Received a gift from Nemelex Xobeh
  9173 | D:7      | Found Dom Ruerch's Assorted Antiques.
  9659 | D:8      | Reached ** piety under Nemelex Xobeh
  9798 | D:8      | Reached skill level 5 in Evocations
  9981 | D:8      | Reached skill level 11 in Stealth
 10180 | D:8      | Reached skill level 5 in Invocations
 10372 | D:8      | Received a gift from Nemelex Xobeh
 10441 | D:8      | Found Wauruclu's General Store.
 10654 | D:9      | Noticed Joseph
 10682 | D:9      | Killed Joseph
 10798 | D:9      | Reached skill level 12 in Stealth
 11276 | D:9      | Noticed Pikel
 11506 | D:9      | Found a staircase to the Orcish Mines.
 11512 | D:9      | Noticed Erolcha
 11513 | D:9      | Found a radiant altar of Vehumet.
 11525 | D:9      | Killed Erolcha
 11525 | D:9      | Reached XP level 10. HP: 49/49 MP: 15/17
 11856 | D:9      | Killed Pikel
 11856 | D:9      | Reached skill level 13 in Stealth
 12256 | D:10     | Entered Level 10 of the Dungeon
 12262 | D:10     | Found a staircase to the Lair.
 12303 | D:10     | Found Lyrchaur's Antique Armour Shop.
 12351 | D:10     | Got a creamy pearl robe
 12362 | D:10     | Identified the +1 robe of the Hidden Beds {rElec rC+++ MR+ Str-3} (You found it on level 10 of the Dungeon)
 12384 | D:10     | Reached *** piety under Nemelex Xobeh
 12482 | D:10     | Received a gift from Nemelex Xobeh
 12815 | D:10     | Noticed a hill giant
 12829 | D:10     | Killed a hill giant
 13023 | D:11     | Found a labyrinth entrance.
 13032 | Lab      | Entered a labyrinth
 13069 | Lab      | Received a gift from Nemelex Xobeh
 13984 | Lab      | Noticed a minotaur
 13995 | Lab      | Killed a minotaur
 13995 | Lab      | Reached skill level 14 in Stealth
 13995 | Lab      | Reached skill level 10 in Evocations
 14187 | D:11     | Noticed a purple ugly thing
 14195 | D:11     | Killed a purple ugly thing
 14195 | D:11     | Reached XP level 11. HP: 52/52 MP: 19/19
 14281 | D:11     | Reached **** piety under Nemelex Xobeh
 14903 | D:12     | Received a gift from Nemelex Xobeh
 15579 | D:12     | Reached skill level 15 in Stealth
 15589 | D:12     | Received a gift from Nemelex Xobeh
 15913 | D:13     | Noticed a phantasmal warrior
 15915 | D:13     | Noticed a white ugly thing
 15942 | D:13     | Killed a phantasmal warrior
 15954 | D:13     | Noticed a death knight
 15964 | D:13     | Killed a death knight
 16143 | D:13     | Killed a white ugly thing
 16143 | D:13     | Reached skill level 1 in Shields
 16585 | D:13     | Noticed a purple ugly thing
 16604 | D:13     | Killed a purple ugly thing
 16650 | D:13     | Received a gift from Nemelex Xobeh
 16789 | D:13     | Reached ***** piety under Nemelex Xobeh
 16933 | D:13     | Noticed a hill giant
 16961 | D:13     | Killed a hill giant
 17113 | D:13     | Noticed a harpy
 17245 | D:13     | Noticed a hill giant
 17265 | D:13     | Killed a hill giant
 17403 | D:13     | Reached XP level 12. HP: 17/56 MP: 9/22
 17706 | D:13     | Reached skill level 10 in Invocations
 18142 | D:14     | Noticed a great orb of eyes
 18142 | D:14     | a red ugly thing changed into a great orb of eyes
 18142 | D:14     | Noticed an alligator
 18142 | D:14     | a cyan ugly thing changed into an alligator
 18145 | D:14     | Killed a great orb of eyes
 18175 | D:14     | Killed an alligator
 18293 | D:14     | Found a gate to the Vaults.
 18293 | D:14     | Received a gift from Nemelex Xobeh
 18293 | D:14     | Noticed a vault guard
 18293 | D:14     | Noticed a vault guard
 18293 | D:14     | Noticed a vault guard
 18294 | D:14     | Noticed a vault guard
 18299 | D:14     | Killed a vault guard
 18310 | D:14     | Killed a vault guard
 18325 | D:14     | Killed a vault guard
 18852 | D:14     | Noticed a five-headed hydra
 18868 | D:14     | Killed a five-headed hydra
 19237 | D:14     | Reached XP level 13. HP: 50/60 MP: 24/24
 19467 | D:14     | Found Divis's Assorted Antiques.
 19522 | D:14     | Received a gift from Nemelex Xobeh
 19570 | D:14     | Found an iron altar of Okawaru.
 19582 | D:14     | Noticed Frances
 19594 | D:14     | Killed Frances
 19713 | D:15     | Entered Level 15 of the Dungeon
 19781 | D:15     | Reached skill level 5 in Shields
 19932 | D:15     | Killed from afar by a deep elf knight

Vault maps used:
D:1:      onia_arrival_zoo_common, evilmike_ruin_ashenzari
D:2:      uniq_sigmund
D:3:      lemuel_coloured_pillars_altar, ecumenical_altar_1, first_bread,
          grunt_dithmenos_smoke
D:4:      gup_sewer_entry_glass, small_statue_intersection
D:5:      gammafunk_temple_overflow_forgotten, hangedman_decor_clover_reticule,
          lemuel_tele_altar
D:7:      serial_shops, nicolae_shop_window_shopping
D:8:      serial_shops, shop, hangedman_pestilent_swarm
D:9:      orc_0_dummy, basic_altar, amethyst_killhole, uniq_joseph,
          uniq_erolcha, uniq_pikel
D:10:     lair_0_dummy, serial_shops, nicolae_shop_window_shopping
D:11:     lab_entry_generic
D:14:     four-leaf_vault, lightli_vaults_fourway_checkpoint,
          okawaru_ov_weapons_minmay, serial_shops, shop, uniq_frances
D:15:     hangedman_depths_entry_civil_slaughter, nrook_pool_corridor,
          roderic_roman_lattice
Temple:   minmay_crystal_spiral_temple
Sewer:    sewer_minmay_w

Skill      XL: |  1  2  3  4  5  6  7  8  9 10 11 12 13 |
---------------+----------------------------------------+-----
Stealth        | 2 3 4 6 7 10 12 14 15 | 15.1
Dodging        | 1 2 3 4 5 7 |  7.0
Spellcasting   | 3 |  3.2
Evocations     | 2 3 4 8 10 12 13 | 13.9
Short Blades   | 1 2 3 4 5 7 9 |  9.8
Invocations    | 3 6 8 9 11 | 11.3
Translocations | 4 |  4.5
Shields        | 2 4 5 |  5.0
Fighting       | |  3.2
Throwing       | |  1.0

Action                   |  1- 3 |  4- 6 |  7- 9 | 10-12 | 13-15 || total
-------------------------+-------+-------+-------+-------+-------++-------
Melee: Spear             |    35 |       |       |       |       ||    35
       Dagger            |   116 |   349 |   506 |       |       ||   971
       Quick blade       |       |       |   244 |   822 |    85 ||  1151
Throw: Tomahawk          |       |       |     5 |       |       ||     5
Evoke: Wand              |     3 |    17 |    34 |    51 |     5 ||   110
       Deck              |       |       |    12 |    45 |     5 ||    62
       Phial of floods   |       |       |       |     2 |       ||     2
  Use: Scroll            |       |    13 |    17 |    11 |     2 ||    43
       Potion            |       |     4 |     5 |     2 |       ||    11
 Stab: Sleeping          |     2 |     4 |    19 |    21 |     3 ||    49
       Paralysed         |       |     2 |     3 |     8 |     2 ||    15
       Distracted        |       |     1 |       |     7 |     1 ||     9
       Confused          |       |       |     1 |     1 |       ||     2
       Petrified         |       |       |       |     1 |       ||     1
       Petrifying        |       |       |       |     1 |       ||     1
  Eat: Fruit             |       |     3 |     3 |       |     1 ||     7
       Bread ration      |       |       |     1 |     1 |       ||     2
Armor: Robe              |    13 |    28 |    55 |    25 |     3 ||   124
       Skin              |       |    22 |       |       |       ||    22
Dodge: Dodged            |   116 |   327 |   488 |   365 |    31 ||  1327
Block: Buckler           |       |       |       |    94 |    18 ||   112
